 Dungeon Crawl Stone Soup version 0.18.1-50-g88ac8fd (webtiles) character file.

135 Kirkhe the Chiller (level 5, -1/31 HPs)
             Began as an Octopode Ice Elementalist on Oct 10, 2016.
             Killed from afar by Natasha (7 damage)
             ... with a magic dart
             ... on level 3 of the Dungeon.
             The game lasted 00:09:33 (2798 turns).

Kirkhe the Chiller (Octopode Ice Elementalist)      Turns: 2798, Time: 00:09:34

Health: -1/31      AC:  1    Str:  8    XL:     5   Next: 18%
Magic:  10/10      EV: 12    Int: 18    God:
Gold:   156        SH:  0    Dex: 12    Spells: 3 memorised, 4 levels left

rFire  . . .     SeeInvis +     k - +3 dagger (venom)
rCold  . . .     Gourm    +     (no shield)
rNeg   . . .     Faith    .     (helmet restricted)
rPois  .         Spirit   .     m - amulet of the gourmand
rElec  .         Dismiss  .     i - ring of see invisible
rCorr  .         Reflect  .     l - ring of flight
SustAt .         Harm     .     (no ring)
MR     .....                    (no ring)
Stlth  +++.......               (no ring)
                                (no ring)
                                (no ring)
                                (no ring)

@: not resistant to hostile enchantments, fairly stealthy
A: almost no armour, amphibious, 8 rings, constrict 8, camouflage 1, gelatinous
body 1
a: Evoke Flight


You were on level 3 of the Dungeon.
You were not hungry.

You visited 1 branch of the dungeon, and saw 3 of its levels.

You collected 156 gold pieces.

Inventory:

Hand Weapons
 k - a +3 dagger of venom (weapon)
Missiles
 n - 3 curare-tipped needles
Jewellery
 i - a ring of see invisible (left tentacle)
 l - a ring of flight (right tentacle)
 m - an amulet of the gourmand (around mantle)
Scrolls
 f - a scroll of enchant weapon
 g - a scroll of remove curse
 j - a scroll of identify
Books
 a - a book of Frost

   Spells                             Type                      Level
   a - Freeze                         Ice                          1
   b - Throw Frost                    Conjuration/Ice              2
   c - Ozocubu's Armour               Charms/Ice                   3
   d - Throw Icicle                   Conjuration/Ice              4
   e - Summon Ice Beast               Ice/Summoning                4
Comestibles
 b - 3 bread rations
 c - 10 fruits
 d - a slice of pizza


   Skills:
 - Level 2.3 Dodging
 - Level 2.9 Stealth
 + Level 3.3 Spellcasting
 + Level 1.2 Conjurations
 + Level 4.4 Ice Magic


You had 4 spell levels left.
You knew the following spells:

 Your Spells              Type           Power        Failure   Level  Hunger
a - Freeze                Ice            ###.         2%          1    None
b - Throw Frost           Conj/Ice       ##....       10%         2    ##.....
c - Ozocubu's Armour      Chrm/Ice       ##......     21%         3    ###....


Dungeon Overview and Level Annotations

Branches:
Dungeon (3/15)

Altars:
Makhleb
Nemelex Xobeh
Qazlal

Annotations:
D:3 exclusion: crocodile, Natasha, Sigmund


Innate Abilities, Weirdness & Mutations

You cannot wear most types of armour.
You are amphibious.
You can wear up to eight rings at the same time.
You can use your tentacles to constrict eight enemies at once.
Your skin changes colour to match your surroundings (Stealth).
Your rubbery body absorbs attacks (AC +1).


Message History

* * * LOW HITPOINT WARNING * * *
You feel less confused. Natasha claws you.
* * * LOW HITPOINT WARNING * * *
Natasha closely misses you.
Read which item? (? for menu, Esc to quit)
Okay, then.
You aren't carrying any items that you can evoke.
Unknown command.
Press: ? - help, v - describe, . - travel
Here: Natasha The floor.
Unknown command.
Natasha mumbles some strange words.
A hobgoblin comes into view.
Natasha casts a spell.
The white imp shouts, "Slither home, thou erky limp-willed pignut!"
Natasha casts a spell at you. The magic dart hits you!
You die...

##...#..##(.....#
#........#......####
#..##..#.#.........#
#.###..#.##........# #.#
#..#.##..<.....# #.#
#...@.....#.####
###.###.#..#......#
...........##..#..# ###.
#...###.##@.#..#@.##....
#.#.##. ##.#w##.....#
....#. #....#...###
#.#.# #...5h..## #....
#...#.....# .....
#.####....####.# .#..
..g ..##รท........ .#.#
### #.#..#(......# .#.#
# #.#..##.##...###


You could see Natasha.

Vanquished Creatures
  Natasha (D:3)
  A gnoll (D:1)
  3 adders
  An ooze (D:2)
  2 worms (D:3)
  7 dart slugs
  A giant gecko (D:2)
  2 ball pythons (D:1)
  4 giant cockroaches
  5 goblins
  5 hobgoblins
  3 jackals (D:3)
  6 bats
  A giant newt (D:1)
  4 kobolds
  7 rats
53 creatures vanquished.

Notes
Turn   | Place    | Note
--------------------------------------------------------------
     0 | D:1      | Kirkhe the Octopode Ice Elementalist began the quest for the Orb.
     0 | D:1      | Reached XP level 1. HP: 11/11 MP: 3/3
   328 | D:1      | Reached XP level 2. HP: 12/17 MP: 3/5
   741 | D:1      | Reached XP level 3. HP: 9/21 MP: 2/6
  1511 | D:1      | Reached skill level 4 in Ice Magic
  1671 | D:2      | Learned a level 2 spell: Throw Frost
  1680 | D:2      | Reached XP level 4. HP: 27/27 MP: 2/8
  1741 | D:2      | Found a burning altar of Makhleb.
  1939 | D:2      | Found a stormy altar of Qazlal.
  2089 | D:2      | Found a sparkling altar of Nemelex Xobeh.
  2124 | D:3      | Noticed Sigmund
  2180 | D:2      | Learned a level 3 spell: Ozocubu's Armour
  2289 | D:3      | Noticed a crocodile
  2584 | D:3      | Noticed Natasha
  2722 | D:3      | Killed Natasha
  2722 | D:3      | Reached XP level 5. HP: 18/31 MP: 0/10
  2777 | D:3      | Noticed Natasha
  2798 | D:3      | Killed from afar by Natasha

Skill      XL: |  1  2  3  4 |
---------------+-------------+-----
Ice Magic      | 4 |  4.4
Spellcasting   | 3 |  3.3
Dodging        | |  2.3
Stealth        | |  2.9
Conjurations   | |  1.2

Action                   |  1- 3 |  4- 6 || total
-------------------------+-------+-------++-------
Melee: Unarmed           |    18 |       ||    18
       Tentacles         |     4 |       ||     4
       Constrict         |     3 |     2 ||     5
       Dagger            |       |     6 ||     6
 Cast: Freeze            |    51 |    33 ||    84
       Throw Frost       |     1 |    15 ||    16
  Use: Scroll            |       |     4 ||     4
       Potion            |       |     2 ||     2
 Stab: Sleeping          |       |     1 ||     1
  Eat: Chunk             |     3 |     5 ||     8
Armor: Skin              |     8 |     4 ||    12
Dodge: Dodged            |    26 |    25 ||    51
